3A
ALAMEDA AIRMEN @ HOGSMEADE CAULDRONS
08/30/2022
 
TOP OF THE 1ST
Alameda Airmen batting - Pitching for Hogsmeade Cauldrons : LHP Cristo Rodríguez
Pitching: LHP Cristo Rodríguez
Batting: RHB Mariano Sánchez 0-0: Foul Ball, location: 2F
0-1: SINGLE (Groundball, 5D)
Batting: RHB Manny Rodríguez 0-0: Called Strike
0-1: Ball
1-1: Foul Ball, location: 2F
1-2: SINGLE (Flyball, 8RS)
Mariano Sánchez to second
Batting: RHB Joe Phillips 0-0: Ball
1-0: Swinging Strike
1-1: Called Strike
1-2: SINGLE (Flyball, 7S)
Mariano Sánchez to third
Manny Rodríguez to second
Batting: RHB Vicente Rodríguez 0-0: Called Strike
0-1: Ball
1-1: Ground out 3-1 (Groundball, 34)
Mariano Sánchez scores
Manny Rodríguez to third
Joe Phillips to second
Batting: RHB Ricardo Téllez 0-0: Ball
1-0: Called Strike
1-1: Ball
2-1: Ball
3-1: Called Strike
3-2: Strikes out swinging
Batting: RHB Juan García 0-0: Ball
1-0: Ball
2-0: Called Strike
2-1: Foul Ball, location: 2F
2-2: Ball
3-2: Foul Ball, location: 2F
3-2: Base on Balls
Batting: RHB Francisco Mejía 0-0: Fly out, F4 (Line Drive, 4M)
Top of the 1st over - 1 run(s), 3 hit(s), 0 error(s), 3 left on base; Alameda 1 - Hogsmeade 0
BOTTOM OF THE 1ST
Hogsmeade Cauldrons batting - Pitching for Alameda Airmen : LHP Bart Gresham
Pitching: LHP Bart Gresham
Batting: RHB Jesús Cisneros 0-0: Ball
1-0: Called Strike
1-1: Called Strike
1-2: Ball
2-2: Foul Ball, location: 2F
2-2: Fly out, F8 (Flyball, 8LM)
Batting: RHB Ernesto Souza 0-0: Swinging Strike
0-1: Swinging Strike
0-2: Foul Ball, location: 2F
0-2: Foul Ball, location: 2F
0-2: Strikes out looking
Batting: RHB Raúl Reyna 0-0: Called Strike
0-1: Swinging Strike
0-2: Ball
1-2: Fly out, F8 (Flyball, 8LM)
Bottom of the 1st over - 0 run(s), 0 hit(s), 0 error(s), 0 left on base; Alameda 1 - Hogsmeade 0
TOP OF THE 2ND
Alameda Airmen batting - Pitching for Hogsmeade Cauldrons : LHP Cristo Rodríguez
Batting: SHB Orlando Villa 0-0: Ball
1-0: Ground out 4-3 (Groundball, 4MS)
Batting: RHB Lenny Roper 0-0: Ball
1-0: Ball
2-0: Foul Ball, location: 2F
2-1: Swinging Strike
2-2: Foul Ball, location: 2F
2-2: Foul Ball, location: 2F
2-2: Strikes out looking
Batting: RHB Mariano Sánchez 0-0: Ball
1-0: Ball
2-0: Foul Ball, location: 2F
2-1: Fly out, F9 (Flyball, 9M)
Top of the 2nd over - 0 run(s), 0 hit(s), 0 error(s), 0 left on base; Alameda 1 - Hogsmeade 0
BOTTOM OF THE 2ND
Hogsmeade Cauldrons batting - Pitching for Alameda Airmen : LHP Bart Gresham
Batting: SHB Fernando Sánchez 0-0: Foul Ball, location: 2F
0-1: Foul Ball, location: 2F
0-2: Fly out, F5 (Line Drive, 5)
Batting: RHB Santiago Mosca 0-0: Fly out, F9 (Flyball, 9M)
Batting: RHB Gonzalo Ángel 0-0: SINGLE (Flyball, 9S)
Batting: RHB Héctor Casas 0-0: Ball
1-0: Ball
2-0: Called Strike
2-1: Reached on Error, E8 (Flyball, 89M)
Gonzalo Ángel to third
Batting: RHB Reynaldo Pérez 0-0: Called Strike
0-1: Swinging Strike
0-2: Ball
1-2: Ball
2-2: Ball
3-2: Strikes out looking
Bottom of the 2nd over - 0 run(s), 1 hit(s), 1 error(s), 2 left on base; Alameda 1 - Hogsmeade 0
TOP OF THE 3RD
Alameda Airmen batting - Pitching for Hogsmeade Cauldrons : LHP Cristo Rodríguez
Batting: RHB Manny Rodríguez 0-0: Foul Ball, location: 2F
0-1: Ball
1-1: Called Strike
1-2: Fly out, F8 (Line Drive, 8LM)
Batting: RHB Joe Phillips 0-0: Ball
1-0: Called Strike
1-1: Ball
2-1: Foul Ball, location: 2F
2-2: Strikes out swinging
Batting: RHB Vicente Rodríguez 0-0: Called Strike
0-1: Ball
1-1: Called Strike
1-2: Strikes out swinging
Top of the 3rd over - 0 run(s), 0 hit(s), 0 error(s), 0 left on base; Alameda 1 - Hogsmeade 0
BOTTOM OF THE 3RD
Hogsmeade Cauldrons batting - Pitching for Alameda Airmen : LHP Bart Gresham
Batting: RHB Jim Unknown 0-0: Ball
1-0: Fly out, F3 (Popup, 23F)
Batting: RHB Jesús Cisneros 0-0: Ball
1-0: Ball
2-0: Called Strike
2-1: Ball
3-1: Foul Ball, location: 2F
3-2: Ground out U3 (Groundball, 3)
Batting: RHB Ernesto Souza 0-0: Ball
1-0: SINGLE (Flyball, 8LS)
Batting: RHB Raúl Reyna 0-0: Ball
1-0: SINGLE (Flyball, 8RS)
Ernesto Souza to second
Runner from 2nd tries for 3rd, SAFE, throw made to third
Raúl Reyna to second
Batting: SHB Fernando Sánchez 0-0: Called Strike
0-1: Ball
1-1: Foul Ball, location: 2F
1-2: Strikes out swinging
Bottom of the 3rd over - 0 run(s), 2 hit(s), 0 error(s), 2 left on base; Alameda 1 - Hogsmeade 0
TOP OF THE 4TH
Alameda Airmen batting - Pitching for Hogsmeade Cauldrons : LHP Cristo Rodríguez
Batting: RHB Ricardo Téllez 0-0: Called Strike
0-1: Called Strike
0-2: Strikes out swinging
Batting: RHB Juan García 0-0: Ball
1-0: Foul Ball, location: 2F
1-1: Swinging Strike
1-2: Ball
2-2: Strikes out swinging
Batting: RHB Francisco Mejía 0-0: Called Strike
0-1: Swinging Strike
0-2: Ball
1-2: Strikes out swinging
Top of the 4th over - 0 run(s), 0 hit(s), 0 error(s), 0 left on base; Alameda 1 - Hogsmeade 0
BOTTOM OF THE 4TH
Hogsmeade Cauldrons batting - Pitching for Alameda Airmen : LHP Bart Gresham
Batting: RHB Santiago Mosca 0-0: Called Strike
0-1: Fly out, F3 (Popup, 3F)
Batting: RHB Gonzalo Ángel 0-0: Called Strike
0-1: SINGLE (Groundball, 6MD)
Batting: RHB Héctor Casas 0-0: Called Strike
0-1: Ball
1-1: Ball
2-1: Foul Ball, location: 2F
2-2: Ball
3-2: Base on Balls
Gonzalo Ángel to second
Batting: RHB Reynaldo Pérez 0-0: Foul Ball, location: 2F
0-1: Fly out, F9 (Flyball, 89D)
Runner from 2nd tags up, OUT at 3rd
Bottom of the 4th over - 0 run(s), 1 hit(s), 0 error(s), 1 left on base; Alameda 1 - Hogsmeade 0
TOP OF THE 5TH
Alameda Airmen batting - Pitching for Hogsmeade Cauldrons : LHP Cristo Rodríguez
Batting: SHB Orlando Villa 0-0: Called Strike
0-1: Foul Ball, location: 2F
0-2: Strikes out looking
Batting: RHB Lenny Roper 0-0: Ball
1-0: Ball
2-0: Ball
3-0: Called Strike
3-1: Base on Balls
Batting: RHB Mariano Sánchez 0-0: Ball
1-0: Ball
2-0: Called Strike
2-1: Foul Ball, location: 2F
2-2: Foul Ball, location: 2F
2-2: Ball
3-2: Foul Ball, location: 2F
3-2: Base on Balls
Lenny Roper to second
Batting: RHB Manny Rodríguez 0-0: Foul Ball, location: 2F
0-1: Fly out, F8 (Flyball, 8RM)
Batting: RHB Joe Phillips 0-0: Ball
1-0: Ball
2-0: Ball
3-0: Called Strike
3-1: SINGLE (Groundball, 34D)
Lenny Roper to third
Mariano Sánchez to second
Runner from 3rd tries for Home, SAFE, no throw or cutoff
Batting: RHB Vicente Rodríguez 0-0: Ball
1-0: Ball
2-0: Swinging Strike
2-1: Ball
3-1: Foul Ball, location: 2F
3-2: Foul Ball, location: 2F
3-2: Strikes out swinging
Top of the 5th over - 1 run(s), 1 hit(s), 0 error(s), 2 left on base; Alameda 2 - Hogsmeade 0
BOTTOM OF THE 5TH
Hogsmeade Cauldrons batting - Pitching for Alameda Airmen : LHP Bart Gresham
Batting: RHB Jim Unknown 0-0: Ball
1-0: Called Strike
1-1: Swinging Strike
1-2: Ball
2-2: Ground out 6-3 (Groundball, 6)
Batting: RHB Jesús Cisneros 0-0: Ball
1-0: Ball
2-0: Called Strike
2-1: Ground out 5-3 (Groundball, 15S)
Batting: RHB Ernesto Souza 0-0: Ball
1-0: Called Strike
1-1: SINGLE (Line Drive, 78S)
Batting: RHB Raúl Reyna 0-0: Ball
Ernesto Souza steals 2nd base
1-0: Fly out, F9 (Flyball, 89M)
Bottom of the 5th over - 0 run(s), 1 hit(s), 0 error(s), 1 left on base; Alameda 2 - Hogsmeade 0
TOP OF THE 6TH
Alameda Airmen batting - Pitching for Hogsmeade Cauldrons : LHP Cristo Rodríguez
Batting: RHB Ricardo Téllez 0-0: Called Strike
0-1: Ball
1-1: Ball
2-1: Foul Ball, location: 2F
2-2: Foul Ball, location: 2F
2-2: Ball
3-2: Strikes out swinging
Batting: RHB Juan García 0-0: Ball
1-0: Ball
2-0: Foul Ball, location: 2F
2-1: Ground out 5-3 (Groundball, 5L)
Batting: RHB Francisco Mejía 0-0: Ball
1-0: Bunt missed!
1-1: Fly out, F8 (Flyball, 8RM)
Top of the 6th over - 0 run(s), 0 hit(s), 0 error(s), 0 left on base; Alameda 2 - Hogsmeade 0
BOTTOM OF THE 6TH
Hogsmeade Cauldrons batting - Pitching for Alameda Airmen : LHP Bart Gresham
Batting: SHB Fernando Sánchez 0-0: Called Strike
0-1: Swinging Strike
0-2: Foul Ball, location: 2F
0-2: Ball
1-2: Foul Ball, location: 2F
1-2: SINGLE (Flyball, 9LS)
Batting: RHB Santiago Mosca 0-0: TRIPLE (Flyball, 9LM)
Fernando Sánchez scores
Batting: RHB Gonzalo Ángel 0-0: Foul Ball, location: 2F
0-1: Called Strike
0-2: Ball
1-2: Strikes out looking
Batting: RHB Héctor Casas 0-0: DOUBLE (Line Drive, 8LM)
Santiago Mosca scores
Batting: RHB Reynaldo Pérez 0-0: Ball
1-0: Ball
2-0: Fly out, F7 (Line Drive, 78S)
Pitching: RHP Nigel Sweeny
Batting: RHB Jim Unknown 0-0: Ball
1-0: SINGLE (Popup, 6MS)
Héctor Casas to third
Runner from 3rd tries for Home, SAFE, no throw or cutoff
Batting: RHB Jesús Cisneros 0-0: Ball
1-0: Called Strike
1-1: SINGLE (Flyball, 9S)
Jim Unknown to second
Runner from 2nd tries for 3rd, SAFE, throw made to third
Jesús Cisneros to second
Batting: RHB Ernesto Souza 0-0: Swinging Strike
0-1: Ball
1-1: Ball
2-1: Ball
3-1: SINGLE (Groundball, 6MS)
Jim Unknown scores
Jesús Cisneros to third
Runner from 3rd tries for Home, SAFE, no throw or cutoff
Batting: RHB Raúl Reyna 0-0: Called Strike
0-1: Called Strike
Ernesto Souza steals 2nd base
0-2: Fly out, F9 (Flyball, 89M)
Bottom of the 6th over - 5 run(s), 6 hit(s), 0 error(s), 1 left on base; Alameda 2 - Hogsmeade 5
TOP OF THE 7TH
Alameda Airmen batting - Pitching for Hogsmeade Cauldrons : LHP Cristo Rodríguez
Batting: SHB Orlando Villa 0-0: Ball
1-0: Foul Ball, location: 2F
1-1: Ball
2-1: Ball
3-1: Ground out 6-3 (Groundball, 6M)
Batting: RHB Lenny Roper 0-0: Ball
1-0: Called Strike
1-1: Called Strike
1-2: Ball
2-2: Ground out 4-3 (Groundball, 34)
Batting: RHB Mariano Sánchez 0-0: Called Strike
0-1: Ball
1-1: Foul Ball, location: 2F
1-2: Ball
2-2: SINGLE (Groundball, 56)
Pitching: RHP Jim Unknown
Batting: RHB Manny Rodríguez 0-0: Ball
1-0: Called Strike
1-1: Ball
Mariano Sánchez is caught stealing 2nd base
Top of the 7th over - 0 run(s), 1 hit(s), 0 error(s), 0 left on base; Alameda 2 - Hogsmeade 5
BOTTOM OF THE 7TH
Hogsmeade Cauldrons batting - Pitching for Alameda Airmen : RHP Nigel Sweeny
Batting: SHB Fernando Sánchez 0-0: Ball
1-0: Ground out 4-3 (Groundball, 4M)
Batting: RHB Santiago Mosca 0-0: Called Strike
0-1: SINGLE (Line Drive, 7S)
Batting: RHB Gonzalo Ángel 0-0: Called Strike
0-1: Called Strike
0-2: Ball
Santiago Mosca steals 2nd base
1-2: Ball
2-2: Foul Ball, location: 2F
2-2: Strikes out looking
Batting: RHB Héctor Casas 0-0: Swinging Strike
0-1: Ball
Santiago Mosca steals 3rd base
1-1: Ball
2-1: Ball
3-1: Called Strike
3-2: Ground out 6-3 (Groundball, 6)
Bottom of the 7th over - 0 run(s), 1 hit(s), 0 error(s), 1 left on base; Alameda 2 - Hogsmeade 5
TOP OF THE 8TH
Alameda Airmen batting - Pitching for Hogsmeade Cauldrons : RHP Jim Unknown
Batting: RHB Manny Rodríguez 0-0: Ball
1-0: Ball
2-0: Called Strike
2-1: Foul Ball, location: 2F
2-2: Fly out, F8 (Flyball, 8RM)
Batting: RHB Joe Phillips 0-0: Ball
1-0: Called Strike
1-1: Ground out 4-3 (Groundball, 4)
Batting: RHB Vicente Rodríguez 0-0: Called Strike
0-1: Ground out 5-3 (Groundball, 5S)
Top of the 8th over - 0 run(s), 0 hit(s), 0 error(s), 0 left on base; Alameda 2 - Hogsmeade 5
BOTTOM OF THE 8TH
Hogsmeade Cauldrons batting - Pitching for Alameda Airmen : RHP Nigel Sweeny
Batting: RHB Reynaldo Pérez 0-0: Ground out 5-3 (Groundball, 5L)
Batting: RHB Jim Unknown 0-0: Swinging Strike
0-1: Ball
1-1: Foul Ball, location: 2F
1-2: Foul Ball, location: 2F
1-2: DOUBLE (Line Drive, 7LM)
Batting: RHB Jesús Cisneros 0-0: Fly out, F8 (Flyball, 8LM)
Batting: RHB Ernesto Souza 0-0: Called Strike
0-1: SINGLE (Groundball, 5D)
Jim Unknown to third
Runner from 3rd tries for Home, SAFE, throw made home
Ernesto Souza to second
Pitching: RHP Roy Foster
Batting: RHB Raúl Reyna 0-0: Called Strike
0-1: Ball
1-1: Hit by Pitch
Batting: SHB Fernando Sánchez 0-0: Ball
1-0: Called Strike
1-1: Ball
2-1: Foul Ball, location: 2F
2-2: Strikes out swinging
Bottom of the 8th over - 1 run(s), 2 hit(s), 0 error(s), 2 left on base; Alameda 2 - Hogsmeade 6
TOP OF THE 9TH
Alameda Airmen batting - Pitching for Hogsmeade Cauldrons : RHP Jim Unknown
Pitching: RHP Jim Unknown
Batting: RHB Ricardo Téllez 0-0: Called Strike
0-1: Ball
1-1: Ball
2-1: SOLO HOME RUN (Flyball, 7D), Distance : 390 ft
Batting: RHB Juan García 0-0: Called Strike
0-1: Ball
1-1: Called Strike
1-2: Ball
2-2: Ground out 4-3 (Groundball, 4)
Batting: RHB Francisco Mejía 0-0: Ball
1-0: Called Strike
1-1: Foul Ball, location: 2F
1-2: Ball
2-2: Strikes out swinging
Batting: SHB Orlando Villa 0-0: Ball
1-0: Called Strike
1-1: Called Strike
1-2: Strikes out swinging
Top of the 9th over - 1 run(s), 1 hit(s), 0 error(s), 0 left on base; Alameda 3 - Hogsmeade 6
This league is powered by Out of the Park Baseball, the baseball management simulation game for PC, Mac and Linux
Friday, April 15th, 2016 - OOTP Baseball 16.9 Build 39